[Event "Bangabandhu Premier Div League 2023-24"]
[Site "Dhaka"]
[Date "2024.02.08"]
[Round "8.8"]
[White "Diya Chowdhury"]
[Black "Avik, Sarker"]
[Result "0-1"]
[ECO "C43"]
[WhiteElo "1881"]
[BlackElo "1914"]
[Annotator "TA"]
[PlyCount "102"]
[EventDate "2024.02.01"]
[EventCountry "BAN"]
[SourceTitle "playchess.com"]
[Source "ChessBase"]
[SourceQuality "1"]
[TimeControl "40/5400+30:1800+30"]

1. e4 e5 2. Nf3 Nf6 3. d4 Nxe4 4. Bd3 d5 5. dxe5 Be7 6. O-O Nc5 7. Be2 Bg4 8. Nc3 c6 9. Nd4 {[%emt 0:00:26] White is slightly better.} Bxe2 10. Ncxe2 Nbd7 11. f4 Ne4 12. Be3 Ndc5 13. Nf5 g6 14. Nfd4 f5 15. b4 (15. c3 $11) 15... Na4 $1 $15 16. b5 (16. a3 $11) 16... Nb2 $17 17. Qb1 (17. Qc1 Nc4 18. bxc6 Ba3) 17... Nc4 18. bxc6 bxc6 ({Reject} 18... Nxe3 $6 19. cxb7 Rb8 20. Nc6 Nxf1 21. Nxd8 Bc5+ 22. Kh1 $11) 19. Qb7 Qc8 (19... Nxe3 $19 20. Nxc6 Nc5 21. Nxd8 Nxb7 22. Nxb7 Nxf1 23. Kxf1 Rb8) 20. Qxc8+ Rxc8 21. Bf2 Kd7 $36 {[%emt 0:06:46][%mdl 2048] Black has strong initiative.} 22. Nb3 Ba3 23. Rad1 a5 24. Bd4 Ke6 {[%emt 0:01:04] And now ...a4 would win.} 25. Ng3 $2 {[%emt 0:00:32] This move loses the game for White.} (25. Rf3 $17) 25... c5 $19 {[%emt 0:02:16] Active counter play!} 26. Bf2 a4 27. Nc1 Nc3 28. Rd3 Bxc1 29. Rxc1 Nxa2 {[%emt 0:00:13] A dynamic duo of knights.} 30. Ra1 Nb4 31. Rxa4 $2 (31. Rc3) 31... Nb2 32. Rxb4 cxb4 33. Rb3 Rxc2 34. Rxb4 Nc4 35. h4 Ra8 {[%emt 0:02:13] Dodges Ra4} 36. Nh1 Ra1+ 37. Kh2 {[%emt 0:00:01] [#]} Rxh1+ $1 38. Kxh1 Rxf2 {[%emt 0:00:10][%mdl 4096] Endgame. KRN-KR} 39. g3 Ra2 40. Kg1 h6 {[%emt 0:00:51] ...Rc2 would now be deadly.} 41. Rb8 Ra7 42. Rg8 Kf7 43. Rd8 Ra5 44. Rd7+ Ke8 45. Rg7 d4 {[%emt 0:00:00] [#] ( -> ...d3)} 46. Rxg6 d3 {[%emt 0:00:00] Black mates.} 47. Rg8+ Kd7 48. Rg7+ Kc6 49. Kf2 d2 50. Ke2 Ra1 51. Rg6+ Kc5 {[%emt 0:00:00] Weighted Error Value: White=0.78/Black=0.38.  Loses game:     	White=1     	---        Mistake:       	White=4     	Black=1      Inaccurate:     	White=3     	Black=2      OK:         	White=8     	Black=11     Best:        	White=1     	Black=1      Strong:       	---       	Black=1} 0-1

[Event "Bangabandhu Premier Div League 2023-24"]
[Site "Dhaka"]
[Date "2024.02.08"]
[Round "8.9"]
[White "Hossain, Enamul"]
[Black "Islam, M.M. Zahirul"]
[Result "1-0"]
[ECO "A14"]
[WhiteElo "2372"]
[BlackElo "1876"]
[Annotator "RC"]
[PlyCount "99"]
[EventDate "2024.02.01"]
[EventCountry "BAN"]
[SourceTitle "playchess.com"]
[Source "ChessBase"]
[SourceQuality "1"]
[TimeControl "40/5400+30:1800+30"]

1. Nf3 Nf6 2. c4 e6 3. g3 d5 4. Bg2 Be7 5. O-O O-O 6. b3 c5 7. Bb2 Nc6 8. e3 Qc7 9. Nc3 a6 10. cxd5 exd5 11. d4 cxd4 12. Nxd4 Rd8 13. Rc1 Bg4 14. Qd2 Qd7 15. Nxc6 bxc6 16. Na4 Rab8 17. Qc2 Rdc8 18. Nc5 Bxc5 19. Qxc5 Bh3 20. Bxh3 Qxh3 21. Bxf6 gxf6 22. Rfd1 Rb5 23. Qd4 Qf5 24. Rd2 a5 25. Rdc2 c5 26. Qa4 Rcb8 27. Rxc5 Rxc5 28. Rxc5 Qb1+ 29. Kg2 Rb4 30. Qe8+ Kg7 31. Rxa5 Re4 32. Qd7 Re5 33. Ra4 h5 34. h4 Qc2 35. Ra7 Qe4+ 36. Kh2 Qg6 37. a4 Rf5 38. Kg1 Re5 39. a5 d4 40. Qxd4 Qb1+ 41. Kg2 Qxb3 42. a6 Qa2 43. Ra8 Qc2 44. Qd8 Qc6+ 45. Kh2 Kg6 46. a7 Qf3 47. Qg8+ Kf5 48. Qh7+ Kg4 49. Rg8+ Rg5 50. a8=Q 1-0

[Event "Bangabandhu Premier Div League 2023-24"]
[Site "Dhaka"]
[Date "2024.02.08"]
[Round "8.10"]
[White "Rahman, Syed Mahfuzur"]
[Black "Chigaev, Maksim"]
[Result "0-1"]
[ECO "E01"]
[WhiteElo "2087"]
[BlackElo "2622"]
[Annotator "TA"]
[PlyCount "72"]
[EventDate "2024.02.01"]
[EventCountry "BAN"]
[SourceTitle "playchess.com"]
[Source "ChessBase"]
[SourceQuality "1"]
[TimeControl "40/5400+30:1800+30"]

1. d4 Nf6 2. c4 e6 3. g3 c5 4. Nf3 cxd4 5. Nxd4 d5 6. Bg2 e5 7. Nf3 d4 8. O-O Nc6 9. b4 {[%emt 0:00:00] aiming for b5.} e4 $1 ({Don't play} 9... Bxb4 10. Nxe5 Nxe5 11. Qa4+ Nc6 12. Bxc6+ bxc6 13. Qxb4 $11) 10. Ng5 Bxb4 11. Nxe4 {[%emt 0:00:00] Black is slightly better.} Nxe4 12. Bxe4 Bh3 13. Bg2 Qd7 14. Bxh3 Qxh3 15. Ba3 Bxa3 16. Nxa3 h5 {[%emt 0:00:00][%cal Bh7h5,Bh5h4,Bh4h3][%mdl 32] Black has more active pieces.} 17. Qb3 Rb8 (17... Rh6 $17 {And now ...h4 would win.} 18. f3 O-O-O) 18. Qf3 ({White should play} 18. c5 $11) 18... h4 $15 19. Qg2 Qxg2+ 20. Kxg2 h3+ 21. Kf3 {[%emt 0:09:00] [#] Black continues to play with concentration.} ({White should try} 21. Kg1 $15) 21... f5 $1 $17 22. Kf4 {[%emt 0:00:00] [#]} (22. Nb5 $17) 22... O-O $1 $19 {[%emt 0:00:30] Threatens to win with ...Rbe8.} 23. e3 (23. g4 $142) 23... Rbe8 {[%emt 0:00:00] ( -> ...Re4+)} 24. Rad1 Re4+ 25. Kf3 d3 26. Rxd3 Ne5+ 27. Ke2 Nxd3 28. Kxd3 {[%emt 0:00:18][%mdl 4096] Endgame. KRR-KRN} Rc8 29. Rb1 b6 30. Rc1 (30. Rb4 {might work better.}) 30... Re5 31. Rc2 a6 {[%emt 0:00:00] Prevents Nb5} 32. Rb2 Ra5 33. Nc2 b5 34. cxb5 Rxb5 35. Rxb5 (35. Rb3) 35... axb5 36. Nd4 (36. Kd2 $142 Ra8 37. a3) 36... Ra8 {[%emt 0:00:00] Weighted Error Value: White=0.48/Black=0.11 (very precise) .  Mistake:       	White=7     	Black=1      Inaccurate:     	White=1     	Black=2      OK:         	White=7     	Black=12     Best:        	White=2     	Black=2      Strong:       	---       	Black=3} 0-1

[Event "Bangabandhu Premier Div League 2023-24"]
[Site "Dhaka"]
[Date "2024.02.08"]
[Round "8.11"]
[White "Iniyan, Pa"]
[Black "Hasan, Sk. Rashedul"]
[Result "1-0"]
[ECO "A55"]
[WhiteElo "2515"]
[BlackElo "1807"]
[Annotator "RC"]
[PlyCount "79"]
[EventDate "2024.02.01"]
[EventCountry "BAN"]
[SourceTitle "playchess.com"]
[Source "ChessBase"]
[SourceQuality "1"]
[TimeControl "40/5400+30:1800+30"]

1. d4 Nf6 2. c4 d6 3. Nf3 Nbd7 4. Nc3 e5 5. e4 Be7 6. Be2 c6 7. O-O O-O 8. Qc2 Ne8 9. Rd1 Qc7 10. b3 g6 11. Ba3 Ndf6 12. Bb2 Nh5 13. g3 Neg7 14. Rac1 b6 15. c5 bxc5 16. dxe5 dxe5 17. Na4 f6 18. Nxc5 Bh3 19. Na6 Qc8 20. Qxc6 Qg4 21. Qc4+ Kh8 22. Nxe5 Qe6 23. Qxe6 Bxe6 24. Nc6 Bd8 25. Nxd8 Raxd8 26. Nc7 Bg8 27. f4 h6 28. Kf2 Kh7 29. Rxd8 Rxd8 30. Rd1 Rc8 31. Rd7 a5 32. Bxh5 Rf8 33. Be2 h5 34. e5 Kh6 35. exf6 Ne6 36. Nxe6 Bxe6 37. Re7 Bf5 38. f7 g5 39. Bc4 gxf4 40. Re8 1-0

[Event "Bangabandhu Premier Div League 2023-24"]
[Site "Dhaka"]
[Date "2024.02.08"]
[Round "8.12"]
[White "Mihir Lal, Das"]
[Black "Anata, Choudhury"]
[Result "0-1"]
[ECO "A37"]
[WhiteElo "1936"]
[BlackElo "2196"]
[Annotator "TA"]
[PlyCount "120"]
[EventDate "2024.02.01"]
[EventCountry "BAN"]
[SourceTitle "playchess.com"]
[Source "ChessBase"]
[SourceQuality "1"]
[TimeControl "40/5400+30:1800+30"]

1. Nf3 c5 2. g3 g6 3. Bg2 Bg7 4. c4 Nc6 5. Nc3 e5 6. O-O Nge7 7. Rb1 d6 8. a3 a5 9. e3 O-O 10. d3 h6 11. Ne1 Be6 12. Nd5 Rb8 {Black has an edge.} 13. Nxe7+ Nxe7 14. b4 b5 15. cxb5 axb4 16. axb4 Rxb5 17. Bd2 cxb4 18. Rxb4 Rxb4 19. Bxb4 Qb6 20. Qd2 Rc8 21. Nf3 Nd5 22. Ba5 Qb3 23. Ne1 (23. e4 $15 Nf6 24. Ra1) 23... Nc3 {[%emt 0:08:50][%cal Oe5e4] Black has more active pieces.} 24. Bf3 {[%emt 0:14:39] [#]} (24. Nf3 $15) 24... d5 ({Black should try} 24... e4 $1 25. dxe4 Bc4 26. Bxc3 Bxc3) 25. d4 (25. Bxc3 $17 Rxc3 26. h4) 25... Ne4 $19 26. Bxe4 dxe4 27. d5 {[%emt 0:00:15] White is weak on the light squares} Bxd5 {[%emt 0:01:38] aiming for ...Bc4.} 28. Ng2 Rc2 29. Qb4 Qa2 30. Qb1 Bc4 31. Rc1 Rxf2 32. Qxa2 Rxa2 33. Rxc4 Rxa5 34. Rxe4 {[%emt 0:00:27][%mdl 4096] Endgame. KRB-KRN} Ra1+ 35. Kf2 Ra2+ 36. Kf1 h5 37. h3 Bf6 38. Rc4 Kg7 39. Rc6 Ra1+ 40. Kf2 g5 (40... Be7 $17 41. Rc2 Bd6) 41. Ne1 (41. e4 $1 $15) 41... Ra2+ 42. Rc2 Ra3 (42... Rxc2+ $17 43. Nxc2 e4) 43. Rc4 (43. Nf3 $15) 43... Bd8 $17 44. g4 hxg4 ({Better is} 44... Ra2+ $17 45. Nc2 f6 46. gxh5 Kh6) 45. hxg4 $15 Ra2+ 46. Kf3 Rh2 47. Ke4 Bf6 48. Nf3 Rh3 49. Nxe5 Rg3 50. Rc7 Bxe5 51. Kxe5 Rxg4 $11 {[%emt 0:00:19] KR-KR} 52. Kf5 Rg1 53. e4 g4 54. Kf4 Kg6 55. Rc8 Kg7 56. Rc3 Kf6 57. Rc6+ Ke7 58. Rc3 Kd6 59. Rg3 $2 {[%emt 0:00:43][%mdl 8192] [#]} (59. Rd3+ $11 Ke6 60. Rb3) 59... Rxg3 60. Kxg3 Ke5 {[%emt 0:11:30] Weighted Error Value: White=0.32/Black=0.16 (very precise) .  Loses game:     	White=1     	---        Mistake:       	White=5     	Black=4      Inaccurate:     	White=1     	Black=2      OK:         	White=23    	Black=16     Best:        	White=5     	Black=1} 0-1

[Event "Bangabandhu Premier Div League 2023-24"]
[Site "Dhaka"]
[Date "2024.02.09"]
[Round "9.1"]
[White "Rathanvel, V S"]
[Black "Hossain, Enamul"]
[Result "1/2-1/2"]
[ECO "B30"]
[WhiteElo "2474"]
[BlackElo "2372"]
[Annotator "TA"]
[PlyCount "74"]
[EventDate "2024.02.01"]
[EventCountry "BAN"]
[SourceTitle "playchess.com"]
[Source "ChessBase"]
[SourceQuality "1"]
[TimeControl "40/5400+30:1800+30"]

1. e4 c5 2. Nf3 Nc6 3. Bb5 e6 4. O-O Nge7 5. d4 cxd4 6. Nxd4 Qb6 7. Nxc6 bxc6 8. Be2 Ng6 9. c4 Be7 10. Nc3 O-O 11. Rb1 Qc7 12. Be3 Rd8 13. Qc1 c5 14. f4 Bb7 15. g3 d6 16. Bf3 Bf6 17. b4 cxb4 18. Rxb4 Bxc3 19. Qxc3 e5 20. Rfb1 Bc6 21. f5 Nf8 22. c5 dxc5 23. Qxc5 Qd6 (23... Nd7 $14 24. Qc3 Nb6) 24. Qxd6 $16 Rxd6 25. Rb8 Rd3 26. Bc5 {[%emt 0:00:00] [#] aiming for Rxa8. White is more active. A strong pair of Bishops.} Rd8 (26... Rxf3 $2 {loses.} 27. Rxa8 Bxa8 28. Rb8 $18 (28. Bxa7 $2 Bxe4 29. Rb8 Rc3 $19)) 27. Rxd8 Rxd8 28. Bxa7 Ra8 29. Bc5 Nd7 30. Bd6 h6 31. Rc1 Ra6 32. Bc7 (32. Bb4 $16) 32... Nf6 33. Rc4 ({Resist} 33. Bxe5 Bxe4 34. Bxe4 Nxe4 $14) 33... Ra3 34. Rxc6 Rxf3 35. a4 Nxe4 36. a5 {[%emt 0:00:44] [#] Black must now prevent a6.} Ra3 37. a6 ({Much worse is} 37. Bxe5 Rxa5 38. Rc8+ Kh7 $11) 37... Ng5 {[%emt 0:00:30] Weighted Error Value: White=0.07 (flawless) /Black=0.09 (flawless) .  Mistake:       	White=1     	Black=2      Inaccurate:     	White=2     	Black=2      OK:         	White=15    	Black=10     Best:        	White=2     	Black=2} (37... f6 $14) 1/2-1/2

[Event "Bangabandhu Premier Div League 2023-24"]
[Site "Dhaka"]
[Date "2024.02.09"]
[Round "9.1"]
[White "Abu Sufian, Shakil"]
[Black "Mehdi Hasan Parag"]
[Result "1-0"]
[ECO "C88"]
[WhiteElo "2199"]
[BlackElo "2171"]
[Annotator "TA"]
[PlyCount "95"]
[EventDate "2024.02.01"]
[EventCountry "BAN"]
[SourceTitle "playchess.com"]
[Source "ChessBase"]
[SourceQuality "1"]
[TimeControl "40/5400+30:1800+30"]

1. e4 e5 2. Nf3 Nc6 3. Bb5 a6 4. Ba4 Nf6 5. O-O Be7 6. Re1 b5 7. Bb3 O-O 8. a4 Rb8 9. axb5 axb5 10. c3 d6 11. d4 exd4 12. cxd4 Bg4 13. Nc3 Qd7 14. Be3 Nb4 (14... Bh5 $14) 15. Qe2 (15. e5 $16 Ne8 (15... dxe5 16. dxe5 Qxd1 17. Rexd1 $18) 16. h3) 15... Rfe8 (15... c5 $11 {keeps the balance.}) 16. e5 $16 dxe5 {[%emt 0:08:18] [#]} 17. Bxf7+ $1 Kxf7 18. Nxe5+ Kg8 19. Nxd7 Bxe2 {[%emt 0:00:19] This pair of bishops is nice.} 20. Nxf6+ (20. Nxb8 $16 Bc4 21. Na6) 20... Bxf6 $14 21. Rxe2 (21. Nxe2 Nc2 22. g3 Nxe3 23. fxe3 Rxe3 $11) 21... c6 22. g3 Rbd8 23. Rd2 Rd7 24. Rad1 Kf7 25. Kg2 h6 26. Kf3 Red8 27. Ne4 {[%emt 0:01:01] White now steadily converts the win.} Rd5 28. g4 g5 29. Ng3 Kg6 30. Nf5 R5d7 31. Rc1 Rd5 32. Kg3 R8d7 ({Black should try} 32... Re8 33. Kf3 Rd7) 33. Rc3 Bd8 (33... h5 $16 {keeps fighting.} 34. h3 Ra7) 34. Re2 $18 Bf6 35. Rb3 Na6 36. Rc2 Rc7 37. Rc1 Rc8 38. Ra3 Nb8 39. Ra8 Rdd8 40. Kf3 Rd5 41. b3 Rcd8 42. Bd2 Re8 43. Bb4 {[%emt 0:06:20] And now Bd6 would win.} h5 {[%emt 0:00:00] Strongly threatening ...hxg4+.} 44. h3 Red8 {[%emt 0:01:00] Prevents Bd6} (44... Rdd8 45. Bd6 Rh8 46. Bxb8 Rxb8) 45. Be7 {[%emt 0:00:30] White is clearly winning.} hxg4+ {[%emt 0:00:30] Black is weak on the dark squares} 46. hxg4 Rh8 {[%emt 0:00:00] [#]} 47. Rxb8 $1 Rxb8 (47... Kf7 48. Rxh8) 48. Rxc6 {[%emt 0:00:00] Weighted Error Value: White=0.14 (very precise) /Black=0.29 (precise) .  Mistake:       	White=2     	Black=5      Inaccurate:     	White=1     	Black=2      OK:         	White=16    	Black=6      Best:        	White=2     	Black=2} 1-0

[Event "Bangabandhu Premier Div League 2023-24"]
[Site "Dhaka"]
[Date "2024.02.09"]
[Round "9.2"]
[White "Chigaev, Maksim"]
[Black "Mohammed Abdul, Malek"]
[Result "1-0"]
[ECO "C70"]
[WhiteElo "2622"]
[BlackElo "2047"]
[Annotator "TA"]
[PlyCount "92"]
[EventDate "2024.02.01"]
[EventCountry "BAN"]
[SourceTitle "playchess.com"]
[Source "ChessBase"]
[SourceQuality "1"]
[TimeControl "40/5400+30:1800+30"]

1. e4 e5 2. Nf3 Nc6 3. Bb5 a6 4. Ba4 Be7 5. c4 Nf6 6. d3 d6 7. h3 O-O 8. O-O {The position is equal.} Nd7 9. Be3 f5 10. exf5 {[%emt 0:00:00] Black must now prevent g4.} Rxf5 11. Nc3 Nf8 12. d4 Nxd4 13. Nxd4 exd4 14. Bxd4 c6 15. Bc2 Rf7 16. Re1 Be6 17. Qd3 Bf5 18. Qe2 {[%emt 0:00:00] Threatens to win with Bxf5.} Bxc2 19. Qxc2 Qd7 20. Rad1 Ne6 {[%emt 0:00:00] [#]} 21. Be5 $1 Rd8 22. Bg3 c5 23. Qe4 {[%emt 0:00:00] White has more active pieces.} Nd4 24. Qd5 (24. f3 $16) 24... Kf8 25. a3 (25. Ne2 {is interesting.} Rf5 26. Qe4 d5 27. cxd5 Qxd5 28. Nxd4 Qxe4 29. Rxe4 Rxd4 30. Rdxd4 cxd4 31. Rxd4 Ra5 32. Bd6) 25... Qc6 26. Qxc6 (26. f3 $14) 26... bxc6 $11 27. Na4 Bf6 28. f3 Re7 29. Kf1 {[%emt 0:02:00] Repels Ne2} Rxe1+ 30. Bxe1 Nf5 31. Rd3 {[%emt 0:00:00] Dodges Ne3+} Bd4 32. Bf2 {[%emt 0:00:00] Dodges Ne3+} Bxf2 33. Kxf2 {[%emt 0:00:00][%mdl 4096] Endgame. And now Nxc5 would win. KRN-KRN} Rb8 {[%emt 0:00:00] [#]} (33... Re8 $14) 34. g4 $1 $16 Nd4 35. b4 cxb4 {[%emt 0:00:00][%mdl 8192] Black cannot hold the game after this.} (35... Ne6 $16) 36. Rxd4 $18 bxa3 $16 {[%emt 0:03:30] [#] ...a2 is the strong threat. KRN-KR} 37. Rd3 $1 (37. Rxd6 $2 {is the wrong capture.} a2 38. Rd1 Rb1 $19) 37... Rb4 38. Rxa3 Rxc4 39. Nb6 Rb4 40. Rxa6 Kf7 41. Nc8 {[%emt 0:21:23] White is clearly winning.} Ke6 42. Rxc6 Kd7 43. Rb6 (43. Rxd6+ Kxc8 44. Rd5 Rb7 $16) 43... Ra4 44. Nxd6 Kc7 45. Rb7+ Kxd6 46. Rxg7 Kd5 {[%emt 0:13:49] Weighted Error Value: White=0.09 (flawless) /Black=0.27 (precise) .  Loses game:     	---       	Black=1      Mistake:       	White=2     	Black=1      Inaccurate:     	White=4     	Black=6      OK:         	White=17    	Black=8      Best:        	White=1     	---        Strong:       	White=2     	---        Brilliant:      	White=1     	---} 1-0

[Event "Bangabandhu Premier Div League 2023-24"]
[Site "Dhaka"]
[Date "2024.02.09"]
[Round "9.2"]
[White "Mohammad Nubairshah Shaikh"]
[Black "Pranav Vijay"]
[Result "1/2-1/2"]
[ECO "A22"]
[WhiteElo "2428"]
[BlackElo "2252"]
[Annotator "TA"]
[PlyCount "60"]
[EventDate "2024.02.01"]
[EventCountry "BAN"]
[SourceTitle "playchess.com"]
[Source "ChessBase"]
[SourceQuality "1"]
[TimeControl "40/5400+30:1800+30"]

1. Nf3 Nf6 2. c4 e6 3. Nc3 Bb4 4. Qc2 d6 5. g3 O-O 6. Bg2 e5 7. O-O c6 8. e4 Re8 9. a3 Ba5 10. b4 Bc7 11. d4 Bg4 12. d5 Nbd7 13. Nh4 Rc8 14. h3 Bh5 15. Bg5 h6 16. Bd2 {[%emt 0:00:03] White is more active.} cxd5 17. cxd5 ({But not} 17. Nxd5 b5 $11) 17... Nb6 18. Qb3 {[%emt 0:04:55] Dodges Nc4} Bb8 19. Rfc1 a6 20. Bf1 Nbd7 21. Be3 Nh7 22. a4 Ng5 23. a5 Nf6 (23... Nf3+ $142 24. Nxf3 Bxf3) 24. Bg2 $16 Qd7 25. Kh2 Rc7 26. Bb6 Rcc8 27. Be3 Rc7 $1 28. Bb6 Rcc8 $1 29. Be3 Rc7 $1 30. Bb6 Rcc8 $1 {[%emt 0:00:03] Weighted Error Value: White=0.48/Black=0.11 (very precise) .  Mistake:       	---       	Black=1      Inaccurate:     	White=1     	Black=4      OK:         	White=8     	Black=6      Best:        	White=1     	---        Strong:       	---       	Black=4} 1/2-1/2

[Event "Bangabandhu Premier Div League 2023-24"]
[Site "Dhaka"]
[Date "2024.02.09"]
[Round "9.3"]
[White "Harikrishnan.A.Ra"]
[Black "Iniyan, Pa"]
[Result "1/2-1/2"]
[ECO "E66"]
[WhiteElo "2454"]
[BlackElo "2515"]
[Annotator "TA"]
[PlyCount "72"]
[EventDate "2024.02.01"]
[EventCountry "BAN"]
[SourceTitle "playchess.com"]
[Source "ChessBase"]
[SourceQuality "1"]
[TimeControl "40/5400+30:1800+30"]

1. Nf3 Nf6 2. g3 g6 3. Bg2 Bg7 4. d4 c5 5. c4 O-O 6. Nc3 d6 7. O-O Nc6 8. d5 Na5 9. Nd2 e6 10. Qc2 Re8 11. e3 exd5 12. cxd5 a6 (12... Ng4 $11) 13. b3 $14 b5 14. Bb2 Ra7 15. e4 Nh5 16. Nd1 f5 $1 17. Bxg7 Rxg7 18. f4 g5 (18... Nf6 {simplifies} 19. Nf2 Rge7 20. Qc3 Nxe4 21. Ndxe4 fxe4 22. Qe3 Nb7) 19. fxg5 (19. exf5 gxf4 20. Nc3 fxg3 $17) 19... Qxg5 20. exf5 Re2 $1 {[%emt 0:00:00] Strongly threatening ...Nxg3.} 21. Rf2 Re1+ 22. Nf1 Rge7 23. Qb2 $36 {[%emt 0:00:30][%mdl 2048] Dodges Nf6. Hoping for f6. White fights for an advantage.} Qf6 (23... Bxf5 $11 24. Nc3 Rxa1 25. Qxa1 Nf6) 24. Nc3 {[%emt 0:00:00][%cal Bd1c3,Bc3e4,Be4d6][%mdl 32] aiming for Rxe1.} Qd4 $2 (24... Rxa1 $1 $14 25. Qxa1 b4) 25. Rxe1 $18 Rxe1 {[%emt 0:00:00] [#]} 26. Ne4 $1 {[%emt 0:00:00][%mdl 512] Black must now prevent Qxd4.} Qxb2 (26... Rxe4 $2 27. Bxe4 Qxb2 28. Rxb2 $18) 27. Rxb2 Bxf5 28. Nxd6 Bd3 29. Rd2 Bg6 30. Kf2 Re7 31. Ne3 Nf6 32. Bh3 {[%emt 0:01:12] Inhibits Rd7.} Nb7 {[%emt 0:00:00] [#]} 33. Nc8 (33. Be6+ Rxe6 34. Nxb7 (34. dxe6 Nxd6 35. Kf3 Nfe4 $11) 34... Ne4+ 35. Ke1 Re5 $11) (33. Nef5 $1 $16 Bxf5 34. Nxf5 Ne4+ 35. Ke1 (35. Ke3 Re8 $11)) 33... Ne4+ {[%emt 0:00:00] The position is equal.} 34. Kg1 (34. Ke1 $5 Re8 35. Bd7 $14) 34... Re8 35. Re2 Nc3 {[%emt 0:00:00][%mdl 1024] Black has compensation.} 36. Re1 Nxd5 {[%emt 0:00:00] Weighted Error Value: White=0.13 (very precise) /Black=0.18 (very precise) .  Loses game:     	---       	Black=1      Mistake:       	White=1     	Black=2      Inaccurate:     	White=2     	Black=1      OK:         	White=11    	Black=10     Best:        	White=4     	Black=4      Strong:       	---       	Black=2} 1/2-1/2

[Event "Bangabandhu Premier Div League 2023-24"]
[Site "Dhaka"]
[Date "2024.02.09"]
[Round "9.3"]
[White "Murshed, Niaz"]
[Black "Mayank Chakraborty"]
[Result "0-1"]
[ECO "D24"]
[WhiteElo "2363"]
[BlackElo "2409"]
[Annotator "TA"]
[PlyCount "74"]
[EventDate "2024.02.01"]
[EventCountry "BAN"]
[SourceTitle "playchess.com"]
[Source "ChessBase"]
[SourceQuality "1"]
[TimeControl "40/5400+30:1800+30"]

1. d4 Nf6 2. c4 e6 3. Nf3 d5 4. Nc3 dxc4 5. e4 Bb4 6. Bxc4 Nxe4 7. O-O Nf6 8. Qa4+ $1 {[%emt 0:01:40] White has an edge.} Nc6 9. Ne5 Bxc3 10. Nxc6 bxc6 11. bxc3 O-O 12. Bg5 ({White should play} 12. Re1 $16) 12... Qd6 $11 13. Qa5 c5 14. Bxf6 (14. Qxc5 Qxc5 15. dxc5 Bd7 $16) ({White should try} 14. dxc5 $16 Qc6 15. Rad1) 14... gxf6 15. dxc5 (15. Qxc5 Qxc5 16. dxc5 Rd8 $11) 15... Qc6 16. Rfd1 Kh8 {[%emt 0:04:32] [#] ...Rg8 is the strong threat.} 17. Qb5 Bb7 18. Qxc6 Bxc6 19. f4 Rab8 20. Rd2 {[%emt 0:00:50] Dodges Rb2} (20. Rab1 $11) 20... Rfd8 21. Rad1 Rxd2 22. Rxd2 $15 {[%emt 0:00:04][%mdl 4096] Endgame. KRB-KRB} Kg7 23. f5 Rb1+ 24. Kf2 Rc1 (24... exf5 $15 {is more appropriate.} 25. Rd8 f4 (25... Rb2+ 26. Ke3 $17)) 25. fxe6 $11 Rxc3 26. Bb3 fxe6 (26... Rxc5 $2 {perishes.} 27. exf7 $18) 27. Bxe6 Rxc5 28. g4 h5 29. gxh5 Rxh5 30. Kg3 Re5 31. Bb3 Re3+ 32. Kf4 Rf3+ 33. Kg4 Kg6 $1 34. Rc2 (34. Bd5 $15 Rc3 35. Bxc6 Rc4+ (35... Rxc6 $2 36. Rd4 $19) 36. Kg3 Rxc6 37. Rb2) 34... f5+ $19 35. Kh4 Rf4+ 36. Kh3 Be4 37. Rd2 $2 {[%emt 0:03:12] [#]} (37. Rxc7 Rg4 38. Rc2 Bxc2 39. Bxc2 a5 $19) (37. Rc3) 37... Kg5 {[%emt 0:01:00] Weighted Error Value: White=0.32/Black=0.09 (flawless) .  Mistake:       	White=6     	Black=2      Inaccurate:     	White=4     	Black=2      OK:         	White=12    	Black=14     Best:        	White=1     	Black=4      Strong:       	White=1     	Black=1} 0-1